 Dungeon Crawl Stone Soup version 0.21-a0-578-gc6e9d75 (webtiles) character file.

294 Gaball the Slasher (level 6, -2/35 HPs)
             Began as a Tengu Gladiator on Dec 18, 2017.
             Was an Initiate of Gozag.
             Slain by rabbitfr's ghost (19 damage)
             ... on level 3 of the Dungeon.
             The game lasted 00:03:26 (2113 turns).

Gaball the Slasher (Tengu Gladiator)                Turns: 2113, Time: 00:03:30

Health: -2/35      AC:  4    Str: 15    XL:     6   Next: 33%
Magic:  7/7        EV: 13    Int:  8    God:    Gozag
Gold:   345        SH:  0    Dex: 17    Spells: 5/5 levels left

rFire    . . .     SeeInvis .   i - +1 long sword (elec)
rCold    . . .     Gourm    .   (no shield)
rNeg     . . .     Faith    .   b - +0 leather armour
rPois    .         Spirit   .   c - +0 hat
rElec    .         Reflect  .   k - +0 cloak
rCorr    .         Harm     .   (no gloves)
MR       .....                  (boots unavailable)
Stlth    +.........             (no amulet)
HPRegen  0.11/turn              (no ring)
MPRegen  0.10/turn              (no ring)

@: no status effects
A: beak, talons 3, able to fly 1
a: Fly, Potion Petition, Call Merchant, Bribe Branch, Renounce Religion


You were on level 3 of the Dungeon.
You worshipped Gozag.
Gozag was aware of your devotion.
You were hungry.

You visited 1 branch of the dungeon, and saw 3 of its levels.

You collected 370 gold pieces.
You paid 25 gold pieces to Gozag.

Inventory:

Hand Weapons
 a - a +0 long sword
 i - a +1 long sword of electrocution (weapon)
Missiles
 d - 4 throwing nets (quivered)
Armour
 b - a +0 leather armour (worn)
 c - a +0 hat (worn)
 k - a +0 cloak (worn)
Jewellery
 n - an uncursed ring of positive energy {unknown}
 p - an uncursed ring of flight {unknown}
Wands
 o - a wand of flame (19)
 r - a wand of polymorph (11)
Scrolls
 g - a scroll of blinking {unknown}
 h - a scroll of random uselessness {unknown}
 l - a scroll of identify {unknown}
 m - 2 scrolls of teleportation {unknown}
 q - a scroll of noise {unknown}
 s - a scroll of remove curse {unknown}
Potions
 e - 4 potions of curing {unknown}
 j - 2 potions of heal wounds {unknown}
Comestibles
 f - 2 rations


   Skills:
 - Level 2.0 Fighting
 + Level 7.6 Long Blades
 - Level 2.0 Throwing
 - Level 3.2 Dodging


You had 5 spell levels left.
You didn't know any spells.

Dungeon Overview and Level Annotations

Branches:
Dungeon (3/15)

Altars:
Gozag
Ru
Uskayaw
Xom

Annotations:
D:3 rabbitfr's ghost, amateur MiBe


Innate Abilities, Weirdness & Mutations

You have a beak for a mouth.
You have claws for feet.
You can fly.


Message History

You now have 341 gold pieces (gained 9).
You now have 345 gold pieces (gained 4).
HP restored.
Key pressed, stopping explore.
You are feeling hungry.
You see here a spear.
Rabbitfr's ghost is nearby!
Okay, then.
Rabbitfr's ghost hits you!!
Ouch! That really hurt!
You are too injured to fight recklessly!
You are too injured to fight recklessly!
You are too injured to fight recklessly!
You barely miss rabbitfr's ghost. You claw rabbitfr's ghost.
You peck rabbitfr's ghost, but do no damage.
Rabbitfr's ghost is lightly damaged.
Rabbitfr's ghost hits you!!
Ouch! That really hurt!
You die...
Your body crumbles into a pile of gold.

###....# #.# ##.
##..## #.# #. #..#
##.# #. #..# #..#
#. ##.###.## #.
##..##.# #.
#...##.##### ##
#.#........# #
##.####@..### #
.......W.##
##.##....#
#.......##
#########
...#.....#
#.......# ##
#.....###.......# #
#......##<......#
#..
#...............# .
.............)....#


You could see rabbitfr's ghost.

Vanquished Creatures
  A phantom (D:2)
  An orc priest (D:3)
  An orc wizard (D:3)
  4 gnolls (D:3)
  3 adders
  2 worms
  3 dart slugs
  A leopard gecko (D:1)
  8 orcs (D:3)
  A ball python (D:2)
  2 giant cockroaches
  5 goblins
  6 hobgoblins
  3 jackals (D:1)
  7 kobolds
  2 quokkas
  7 bats (D:1)
  9 frilled lizards
  7 rats
73 creatures vanquished.

Notes
Turn   | Place    | Note
-------+----------+-------------------------------------------
     0 | D:1      | Gaball the Tengu Gladiator began the quest for the Orb.
     0 | D:1      | Reached XP level 1. HP: 12/12 MP: 2/2
   141 | D:1      | Reached XP level 2. HP: 15/17 MP: 3/3
   172 | D:1      | Reached skill level 4 in Long Blades
   563 | D:1      | Reached XP level 3. HP: 21/21 MP: 4/4
   934 | D:2      | Found a hide-covered altar of Uskayaw.
   943 | D:2      | Found an opulent altar of Gozag.
  1018 | D:2      | Became a worshipper of Gozag Ym Sagoz the Greedy
  1109 | D:2      | Reached skill level 5 in Long Blades
  1174 | D:2      | Reached XP level 4. HP: 23/26 MP: 5/5
  1262 | D:2      | Noticed a phantom
  1288 | D:2      | Killed a phantom
  1288 | D:2      | Reached skill level 6 in Long Blades
  1288 | D:2      | Gained mutation: You can fly. [Tengu growth]
  1288 | D:2      | Reached XP level 5. HP: 11/30 MP: 6/6
  1513 | D:3      | Noticed rabbitfr's ghost (amateur MiBe)
  1626 | D:3      | Reached skill level 7 in Long Blades
  1713 | D:3      | Reached XP level 6. HP: 17/35 MP: 7/7
  1727 | D:2      | Found a sacrificial altar of Ru.
  1727 | D:2      | Found a shimmering altar of Xom.
  2113 | D:3      | Slain by rabbitfr's ghost

Vault maps used:
D:1:      minmay_arrival_checkered_box
D:2:      nicolae_overflow_hidden_temple,
          nicolae_gozag_cash_rules_everything_around_me

Skill      XL: |  1  2  3  4  5 |
---------------+----------------+-----
Long Blades    | 4 5 6 7 |  7.6
Fighting       | |  2.0
Throwing       | |  2.0
Dodging        | |  3.2

Action                   |  1- 3 |  4- 6 || total
-------------------------+-------+-------++-------
Melee: Long sword        |    56 |    76 ||   132
       Kick              |    16 |    23 ||    39
       Peck              |     8 |    11 ||    19
 Stab: Sleeping          |     1 |       ||     1
       Distracted        |       |     2 ||     2
  Eat: Ration            |       |     1 ||     1
Armor: Leather armour    |    17 |    10 ||    27
Dodge: Dodged            |    35 |    30 ||    65
       Rpst.: Long sword |     9 |    13 ||    22

Table legend:
 A = Spawn XP
 B = Non-spawn XP
 C = Spawn XP percentage of total XP
 D = Spawn monster count
 E = Non-spawn monster count
 F = Spawn count percentage of total count
 G = Total turns spent on level
                    A         B        C        D         E        F      G
               +---------+---------+-------+---------+---------+-------+---------
         Total |       0 |     420 |   0.0 |       0 |      73 |   0.0 |  2113
               +---------+---------+-------+---------+---------+-------+---------
           D:1 |       0 |      42 |   0.0 |       0 |      25 |   0.0 |   934
           D:2 |       0 |     179 |   0.0 |       0 |      15 |   0.0 |   802
           D:3 |       0 |     199 |   0.0 |       0 |      33 |   0.0 |   377
               +---------+---------+-------+---------+---------+-------+---------
